 Dungeon Crawl Stone Soup version 0.31-a0-175-g9f7f995f2b (webtiles) character file.

Game seed: 13792401967453469820

114 mopl the Magician (level 4, -4/27 HPs)
             Began as an Octopode Hedge Wizard on June 16, 2023.
             Killed from afar by Natasha (9 damage)
             ... with a puff of flame
             ... on level 2 of the Dungeon.
             The game lasted 00:02:34 (1267 turns).

mopl the Magician (Octopode Hedge Wizard)           Turns: 1267, Time: 00:02:35

Health: -4/27      AC:  2    Str:  9    XL:     4   Next: 98%
Magic:  7/9        EV: 13    Int: 18    God:
Gold:   10         SH:  0    Dex: 11    Spells: 4/10 levels left

rFire   . . .        a - +0 dagger
rCold   . . .        (no shield)
rNeg    . . .        d - +1 hat
rPois   .            (no amulet)
rElec   .            j - ring of resist corrosion
rCorr   +            (no ring)
SInv    .            (no ring)
Will    .....        (no ring)
Stlth   +++          (no ring)
HPRegen 0.24/turn    (no ring)
MPRegen 0.11/turn    (no ring)
                     (no ring)

%: no passive effects
@: no status effects
A: almost no armour, amphibious, 8 rings, camouflage 1, gelatinous body 1,
(nimble swimmer 1), tentacles
a: no special abilities


You were on level 2 of the Dungeon.
You visited 1 branch of the dungeon, and saw 2 of its levels.

You collected 10 gold pieces.

Inventory:

Hand Weapons
 a - a +0 dagger (weapon)
Missiles
 g - 5 javelins
Armour
 d - a +1 hat (worn)
 h - a +0 tower shield
Jewellery
 j - a ring of resist corrosion (left tentacle)
Scrolls
 e - 3 scrolls of teleportation {unknown}
 f - a scroll of enchant weapon {unknown}
 i - a scroll of enchant armour {unknown}
Potions
 b - a potion of curing {unknown}
 c - 2 potions of magic
 k - a potion of haste {unknown}


   Skills:
 - Level 2.0 Dodging
 - Level 2.6 Stealth
 + Level 0.9 Shields
 + Level 3.7 Spellcasting
 + Level 2.3 Conjurations
 - Level 1.0 Summonings
 + Level 2.3 Translocations
 + Level 1.5 Poison Magic


You had 4 spell levels left.
You knew the following spells:

 Your Spells              Type           Power      Damage    Failure   Level
a - Magic Dart            Conj           44%        1d5       6%          1
c - Mephitic Cloud        Conj/Pois/Air  8%         N/A       26%         3
e - Blink                 Tloc           22%        N/A       9%          2

Your spell library contained the following spells:

 Spells                   Type           Power      Damage    Failure   Level
 Slow                     Hex            12%        N/A       16%         1
 Call Imp                 Summ           12%        N/A       16%         2
 Cigotuvi's Dreadful Rot  Necr/Pois/Air  10%        N/A       19%         2


Dungeon Overview and Level Annotations

Branches:
Dungeon (2/15)

Altars:

Annotations:
D:2 Natasha


Innate Abilities, Weirdness & Mutations

You cannot wear most types of armour.
You are amphibious.
You can wear up to eight rings at the same time.
Your skin changes colour to match your surroundings (Stealth+).
Your rubbery body absorbs attacks. (AC +1, EV +1)
((You are camouflaged when in or above water. (Stealth+)))
You have tentacles for arms and can constrict up to eight enemies at once.


Message History

e - 3 scrolls labelled ISHEAL ZUISO (gained 1)
Things that are here:
a +0 trident; a +2 scale mail of fire resistance HP restored.
Natasha, Servant of Life and Death comes into view.
She is carrying a wand of flame (23).
No target in view!
No target in view!
Found 6 gold pieces.
Natasha hisses angrily.
You closely miss Natasha. Your grab misses Natasha.
Natasha casts a spell.
You closely miss Natasha. Your grab misses Natasha. Natasha claws you.
You closely miss Natasha. Your grab misses Natasha.
Your squeeze misses Natasha. Natasha claws you!
The cerulean imp barely misses you.
You barely miss Natasha. Your grab misses Natasha. You squeeze Natasha.
Natasha is moderately wounded.
Natasha zaps a wand.
The puff of flame hits you.
* * * LOW HITPOINT WARNING * * *
The cerulean imp hits you from afar with a +1 spear.
* * * LOW HITPOINT WARNING * * *
Casting: Mephitic Cloud (extremely dangerous; 26% risk of failure)
Confirm with . or Enter, or press ? or * to list all spells.
Aiming: Magic Dart (safe; 6% risk of failure)
Press: ? - help, Shift-Dir - straight line, f - Natasha
Aim: Natasha, carrying a wand of flame (22) (moderately wounded, 100% to hit)
The magic dart hits Natasha.
Natasha is severely wounded.
Natasha wildly gestures.
Natasha's front paws start to glow.
Natasha claws you but does no damage. The cerulean imp completely misses you.
Casting: Magic Dart (safe; 6% risk of failure)
Confirm with . or Enter, or press ? or * to list all spells.
Aiming: Magic Dart (safe; 6% risk of failure)
Press: ? - help, Shift-Dir - straight line, f/p - Natasha
Aim: Natasha, carrying a wand of flame (22) (severely wounded, 100% to hit)
The magic dart hits Natasha.
Natasha is almost dead.
Natasha zaps a wand.
The puff of flame hits you!
You die...

#......#.##.##.# #...##.##...#
...###.#.......# ##.#.#...#.#.#
............#### #..#..###..#.#
...###.###########.##.#...#.#.#
...###.# #......##.##.##.#.###
#......#
##.........รท###......#
...#####
###.....#..#.........#.# ...#
#..........#.##.##.#.#.# ...#
.#..5.@#.##.##....#.... ...#
##..h.#.##.#####.###.. ...#
#.........# #...... ...#
.....######### #.####.
...#######.###.$ #.....#
#.####. .......... #..###.....#
#.##... .......... ...........#
#.##.## ..........
#.#.###.....###.##.##
...####### .# #.......##......


You could see Natasha and a cerulean imp (summoned).

Vanquished Creatures
  Natasha (twice) (D:2)
  Terence (D:2)
  A dart slug (D:2)
  4 ball pythons
  2 bats
  3 endoplasms
  5 goblins
  5 hobgoblins
  4 jackals (D:1)
  A kobold (D:2)
  A quokka (D:1)
  4 frilled lizards
  2 rats
35 creatures vanquished.

Notes
Turn   | Place    | Note
-------+----------+-------------------------------------------
     0 | D:1      | mopl the Octopode Hedge Wizard began the quest for the Orb.
     0 | D:1      | Reached XP level 1. HP: 11/11 MP: 4/4
   135 | D:1      | Reached XP level 2. HP: 14/17 MP: 6/6
   143 | D:1      | Learned a level 2 spell: Blink
   460 | D:1      | Reached XP level 3. HP: 21/21 MP: 7/7
   464 | D:1      | Learned a level 3 spell: Mephitic Cloud
   725 | D:2      | Noticed Natasha
   732 | D:2      | Killed Natasha
   733 | D:2      | Reached skill level 2 in Conjurations
   733 | D:2      | Reached skill level 2 in Translocations
   867 | D:2      | Reached skill level 1 in Poison Magic
   898 | D:2      | Reached XP level 4. HP: 25/27 MP: 9/9
  1043 | D:2      | Noticed Natasha
  1052 | D:2      | Killed Natasha
  1060 | D:2      | Noticed Terence
  1220 | D:2      | Killed Terence
  1253 | D:2      | Noticed Natasha
  1267 | D:2      | Killed from afar by Natasha

Illustrated notes

Levels and vault maps discovered:
D:1:      heliophobic_arrival_dark_side_of_the_moon, layout_basic
D:2:      layout_loops_cross, minmay_ruptured, uniq_terence, uniq_natasha

Skill      XL: |  1  2  3 |
---------------+----------+-----
Conjurations   | 2 |  2.3
Translocations | 2 |  2.3
Poison Magic   | 1 |  1.5
Dodging        | |  2.0
Stealth        | |  2.6
Shields        | |  0.9
Spellcasting   | |  3.7
Summonings     | |  1.0

Action                     |  1- 3 |  4- 6 || total
---------------------------+-------+-------++-------
  Melee: Dagger            |    44 |    33 ||    77
         Constrict         |    13 |     5 ||    18
         Tentacles         |     9 |     7 ||    16
         Punch             |       |     1 ||     1
   Cast: Magic Dart        |    16 |     2 ||    18
         Mephitic Cloud    |       |     1 ||     1
   Stab: Sleeping          |     5 |     3 ||     8
         Confused          |       |     1 ||     1
 Armour: Skin              |     7 |     3 ||    10
  Dodge: Dodged            |    25 |    11 ||    36

Table legend: (Time is in decaauts)
 A = Elapsed time spent in this place.
 B = Non-inter-level travel time spent in this place.
 C = Inter-level travel time spent in this place.
 D = Time resting spent in this place.
 E = Time spent auto-exploring this place.
 F = Levels seen in this place.
 G = Mean time per level.
                   A        B        C        D        E       F      G
               +--------+--------+--------+--------+--------+-----+--------+
         Total |   1266 |   1241 |     25 |     45 |    869 |   2 |  633.0 |
       Dungeon |   1266 |   1241 |     25 |     45 |    869 |   2 |  633.0 |
               +--------+--------+--------+--------+--------+-----+--------+

Top non-repeatable levels by time:
     D:1: 688 daAuts
     D:2: 578 daAuts
